 Dungeon Crawl Stone Soup version 0.31.0-32-g396128a36d (webtiles) character file.

Game seed: 1713941188927688008

9668 spaghetti the Reanimator (level 11, 0/98 HPs)
             Began as a Human Chaos Knight on Mar 14, 2024.
             Was a Plaything of Xom.
             Slain by a gnoll
             ... wielding a +0 halberd
             ... led by a gnoll sergeant
              (7 damage)
             ... on level 9 of the Dungeon.
             The game lasted 00:12:31 (6960 turns).

spaghetti the Reanimator (Human Chaos Knight)       Turns: 6960, Time: 00:12:32

Health: 0/98       AC: 11    Str: 13    XL:     11   Next: 50%
Magic:  5/11       EV: 10    Int: 13    God:    Xom [......]
Gold:   371        SH:  0    Dex: 16    Spells: 3/10 levels left

rFire   + . .        f - +4 short sword (flame)
rCold   . . .        (no shield)
rNeg    . . .        o - +2 ring mail {rF+}
rPois   .            (no helmet)
rElec   .            p - +0 cloak
rCorr   .            (no gloves)
SInv    .            i - +0 pair of boots
Will    .....        j - amulet of regeneration
Stlth   +            c - ring of flight
HPRegen 1.96/turn    (no ring)
MPRegen 0.12/turn

%: no passive effects
@: lethally poisoned (0 -> -13), fugue, flying, studying Short Blades
A: explore regen, hooves 1, iridescent scales 1, regeneration 1, wild magic 1
a: Renounce Religion


You were on level 9 of the Dungeon.
You worshipped Xom.
You were a very special plaything of Xom.
You visited 1 branch of the dungeon, and saw 8 of its levels.
You also visited: Bailey.

You collected 425 gold pieces.
You spent 54 gold pieces at shops.

Inventory:

Hand Weapons
 a - a +0 spear of chaos
 f - a +4 short sword of flaming (weapon)
Missiles
 d - a curare-tipped dart (quivered)
Armour
 i - a +0 pair of boots (worn)
 o - a +2 ring mail of fire resistance (worn)
 p - a +0 cloak (worn)
Jewellery
 c - a ring of flight (left hand)
 j - an amulet of regeneration (around neck)
 t - a ring of protection from cold
Wands
 e - a wand of flame (13)
 s - a wand of iceblast (5)
Scrolls
 l - a scroll of revelation
 r - a scroll of enchant armour
Potions
 b - a potion of enlightenment
 k - 4 potions of brilliance


   Skills:
 + Level 13.0 Fighting
 - Level 10.0 Short Blades
 - Level 3.0 Polearms
 - Level 2.0 Armour
 + Level 1.0 Dodging
 + Level 14.9 Necromancy


You had 3 spell levels left.
You knew the following spells:

 Your Spells              Type           Power      Damage    Failure   Level
a - Fugue of the Fallen   Necr           50%        N/A       1%          3
b - Anguish               Hex/Necr       12%        N/A       38%         4

Your spell library contained the following spells:

 Spells                   Type           Power      Damage    Failure   Level
 Shock                    Conj/Air       0%         1d3       63%         1
 Ensorcelled Hibernation  Hex/Ice        0%         N/A       77%         2
 Gell's Gravitas          Tloc           0%         N/A       93%         3
 Inner Flame              Hex/Fire       0%         N/A       93%         3
 Passwall                 Erth           0%         N/A       93%         3
 Swiftness                Air            0%         N/A       93%         3
 Teleport Other           Tloc           0%         N/A       93%         3
 Airstrike                Air            0%         2d(0-16)  100%        4
 Flame Wave               Conj/Fire      0%         2d4       100%        4
 Sticky Flame             Fire/Alch      0%         2d4       100%        4
 Dispersal                Tloc           0%         N/A       100%        6


Dungeon Overview and Level Annotations

Branches:
Dungeon (9/15)             Temple (0/1) D:4            Lair (0/5) D:9
    Orc (0/2) D:9          Bailey (visited)

Altars:
Dithmenos
Nemelex Xobeh

Shops:
D:7 (*   D:8 :

Annotations:
D:1 1 transporter
D:6 Prince Ribbit
D:8 1 runed translucent door, Tripartite's ghost, novice DgCj


Innate Abilities, Weirdness & Mutations

You regain HP and MP as you explore.
You have large cloven feet.
You are partially covered in iridescent scales. (AC +2)
Your natural rate of healing is unusually fast.
Your spells are a little harder to cast, but a little more powerful.


Message History

You feel sick.
You hit the gnoll sergeant. You burn the gnoll sergeant.
The gnoll sergeant is severely wounded.
You feel sick. The gnoll closely misses you.
The gnoll hits you but does no damage.
The gnoll hits you from afar with a +0 halberd!
The gnoll sergeant hits you but does no damage.
You are more poisoned.
You closely miss the gnoll sergeant.
The gnoll sergeant is severely wounded.
You feel very sick.
You hit the gnoll sergeant. You burn the gnoll sergeant.
The gnoll sergeant is almost dead.
You feel very sick.
The gnoll hits you from afar with a +0 halberd!
The gnoll hits you but does no damage.
The gnoll hits you from afar with a +0 halberd!
* * * LOW HITPOINT WARNING * * *
The gnoll sergeant hits you with a +1 spear of venom!
* * * LOW HITPOINT WARNING * * *
You are more poisoned.
Unknown command.
Okay, then.
Okay, then.
You feel very sick.
The howler monkey hoots and howls with incredible vigour!
The gnoll attacks as it pursues you!
The gnoll hits you from afar with a +0 halberd.
* * * LOW HITPOINT WARNING * * *
The gnoll sergeant hits you but does no damage.
You hear an angry buzzing noise. x3
* * * LOW HITPOINT WARNING * * *
You feel very sick.
The gnoll sergeant attacks as it pursues you!
The gnoll sergeant hits you from afar with a +1 spear of venom.
* * * LOW HITPOINT WARNING * * *
You are lethally poisoned!
The gnoll attacks as it pursues you!
The gnoll hits you from afar with a +0 halberd!
You die...

g..... ..#....# ..... #
.'....+ ...h. #. #....# ..
#....## .###'#.....#
#..... ...........###
#..... .....h..g....#
#.....
####...g.....########.....
#..gg.@................
..'.........######.......
...#...#####'#....#.......
...#...#..........#.......
...#####..........#.......
..................#.......
#................##......
#......#########..#......
##......# ..#......


You could see a gnoll sergeant, a howler monkey and 3 gnolls.

Vanquished Creatures
  2 two-headed ogres
  An orc high priest (Bailey)
  A deep elf pyromancer (D:8)
  A kobold demonologist (Bailey)
  12 yaks
  A wyvern (D:8)
  2 basilisks (D:9)
  Menkaure (D:7)
  3 water moccasins
  14 orc warriors
  A black bear (D:7)
  2 sky beasts
  An ice beast (D:7)
  2 centaurs
  A phantom (D:4)
  4 bullfrogs
  A scorpion (D:7)
  9 wights
  A killer bee (D:8)
  3 howler monkeys
  3 electric eels (Bailey)
  A bullfrog zombie (D:4)
  2 orc priests
  A jelly (D:4)
  A bombardier beetle (D:7)
  A gnoll bouda (D:7)
  2 sleepcaps
  Crazy Yiuf (D:7)
  7 orc wizards
  2 hound zombies (D:4)
  9 gnolls
  8 adders
  A shadow imp (D:7)
  An adder skeleton (D:4)
  2 dart slugs
  2 ribbon worms
  22 orcs
  4 ball pythons
  8 bats
  5 endoplasms
  A giant cockroach (D:2)
  8 goblins
  10 hobgoblins
  2 jackals (D:3)
  8 kobolds
  A quokka (D:1)
  4 frilled lizards
  6 rats
186 creatures vanquished.

Vanquished Creatures (collateral kills)
  A two-headed ogre (D:8)
  A wight (D:9)
  A howler monkey (D:9)
3 creatures vanquished.

Vanquished Creatures (others)
  An eldritch tentacle (D:9)
1 creature vanquished.

Grand Total: 190 creatures vanquished

Notes
Turn   | Place    | Note
-------+----------+-------------------------------------------
     0 | D:1      | spaghetti the Human Chaos Knight began the quest for the
                  | Orb.
     0 | D:1      | Reached XP level 1. HP: 18/18 MP: 1/1
     3 | D:1      | XOM: silly message
     8 | D:1      | XOM: smoke on damage
    18 | D:1      | Reached XP level 2. HP: 5/25 MP: 2/2
   323 | D:1      | Reached XP level 3. HP: 30/30 MP: 3/3
   430 | D:1      | Reached skill level 1 in Short Blades
   497 | D:1      | XOM: butterfly on damage
   609 | D:1      | XOM: divination: magic mapping
   980 | D:2      | Reached XP level 4. HP: 27/37 MP: 4/4
  1695 | D:2      | Found a faded altar of an unknown god.
  1703 | D:2      | XOM: cloud trail
  2291 | D:3      | Gained mutation: You have hidden genetic potential. [potion
                  | of mutation]
  2291 | D:3      | Gained mutation: You have a pair of small horns on your
                  | head. [potion of mutation]
  2291 | D:3      | Gained mutation: Your spells are a little harder to cast,
                  | but a little more powerful. [potion of mutation]
  2503 | D:4      | Identified a scroll of acquirement
  2503 | D:4      | Acquired a manual of Short Blades
  2505 | D:4      | XOM: potion effect (invisibility)
  2512 | D:4      | Reached XP level 5. HP: 41/42 MP: 5/5
  2578 | D:4      | Reached skill level 5 in Short Blades
  2590 | D:4      | Gained mutation: Your natural rate of healing is unusually
                  | fast. [hidden potential]
  2717 | D:4      | Noticed a centaur
  2723 | D:4      | Killed a centaur
  2724 | D:4      | Reached XP level 6. HP: 44/48 MP: 6/6
  2734 | D:4      | XOM: silly message
  2750 | D:4      | Gained mutation: You are partially covered in iridescent
                  | scales. (AC +2) [hidden potential]
  2750 | D:4      | Lost mutation: You have hidden genetic potential. [hidden
                  | potential expressed]
  2930 | D:4      | Found a shadowy altar of Dithmenos.
  2972 | D:4      | XOM: potion effect (invisibility)
  2975 | D:4      | XOM: silly message
  2997 | D:4      | Found a staircase to the Ecumenical Temple.
  3047 | D:4      | You fall into a shaft and drop 2 floors!
  3053 | D:6      | Learned a level 3 spell: Fugue of the Fallen
  3071 | D:6      | Noticed a water moccasin
  3072 | D:6      | Noticed Prince Ribbit
  3072 | D:6      | Noticed an ice beast
  3153 | D:7      | Reached XP level 7. HP: 44/53 MP: 7/7
  3157 | D:7      | XOM: divination: detect creatures
  3208 | D:7      | XOM: silly message
  3236 | D:7      | XOM: potion effect (might)
  3258 | D:7      | Reached skill level 10 in Short Blades
  3351 | D:7      | XOM: potion effect (experience)
  3351 | D:7      | Reached XP level 8. HP: 53/79 MP: 8/8
  3367 | D:7      | Reached skill level 1 in Necromancy
  3400 | D:7      | Found a flagged portal.
  3408 | D:7      | XOM: silly message
  3414 | Bailey   | Entered a bailey
  3456 | Bailey   | XOM: silly message
  3492 | Bailey   | XOM: potion effect (invisibility)
  3495 | Bailey   | Reached skill level 2 in Necromancy
  3511 | Bailey   | Reached XP level 9. HP: 56/85 MP: 7/9
  3551 | Bailey   | Reached skill level 3 in Necromancy
  3565 | Bailey   | Noticed a kobold demonologist
  3582 | Bailey   | Killed a kobold demonologist
  3583 | Bailey   | Reached skill level 4 in Necromancy
  3590 | Bailey   | XOM: potion effect (haste)
  3761 | Bailey   | XOM: potion effect (brilliance)
  3771 | Bailey   | Reached skill level 5 in Necromancy
  4036 | Bailey   | Found an iron altar of Okawaru.
  4036 | Bailey   | Noticed an orc high priest
  4057 | Bailey   | XOM: silly message
  4062 | Bailey   | Noticed a hellwing
  4073 | Bailey   | XOM: summons friendly white imp
  4076 | Bailey   | XOM: smoke on damage
  4084 | Bailey   | Killed an orc high priest
  4085 | Bailey   | Reached skill level 6 in Necromancy
  4085 | Bailey   | Reached XP level 10. HP: 25/92 MP: 7/10
  4299 | Bailey   | Acquired a manual of Necromancy
  4329 | D:7      | Found Cyir's Serpentskin Sales.
  4338 | D:7      | Reached skill level 7 in Necromancy
  4358 | D:7      | Learned a level 4 spell: Anguish
  4370 | D:7      | Bought 3 curare-tipped darts for 54 gold pieces
  4427 | D:7      | Reached skill level 8 in Necromancy
  4590 | D:7      | Noticed Menkaure
  4606 | D:7      | Killed Menkaure
  4669 | D:7      | Found Maotot's Weapon Shoppe.
  4796 | D:7      | Found a runed translucent door.
  4797 | D:7      | Noticed Crazy Yiuf
  4827 | D:7      | Reached skill level 9 in Necromancy
  5116 | D:7      | XOM: give mutations
  5116 | D:7      | Gained mutation: Your mind is acute. (Int +4, Str/Dex -1)
                  | [Xom's mischief]
  5116 | D:7      | Gained mutation: Your flesh is heat resistant. (rF+) [Xom's
                  | mischief]
  5116 | D:7      | Gained mutation: You are robust. (+10% HP) [Xom's mischief]
  5144 | D:7      | Killed Crazy Yiuf
  5387 | D:8      | Found Sepeb's Self-Published Books.
  5477 | D:8      | XOM: silly message
  5496 | D:8      | Noticed a deep elf pyromancer
  5516 | D:8      | Killed a deep elf pyromancer
  5517 | D:8      | Reached skill level 10 in Necromancy
  5618 | D:8      | Noticed a two-headed ogre
  5624 | D:8      | XOM: summons friendly iron imp
  5630 | D:8      | XOM: polymorph iron imp -> shadow imp
  5632 | D:8      | Killed a two-headed ogre
  5633 | D:8      | Reached skill level 11 in Necromancy
  5707 | D:8      | Found a runed translucent door.
  5708 | D:8      | Noticed Tripartite's ghost (novice DgCj)
  5709 | D:8      | Identified the +10 spear of Huomutoxt {drain, rPois Dex+3
                  | SInv}
  5761 | D:8      | Noticed a two-headed ogre
  5761 | D:8      | XOM: 3-stop teleportation journey
  5777 | D:8      | Killed a two-headed ogre
  5997 | D:8      | XOM: divination: detect creatures
  6003 | D:8      | XOM: potion effect (magic)
  6006 | D:8      | Reached skill level 12 in Necromancy
  6006 | D:8      | Reached XP level 11. HP: 103/107 MP: 11/11
  6006 | D:8      | XOM: scenery: summon butterflies
  6008 | D:8      | XOM: destruction
  6010 | D:8      | XOM: polymorph butterfly -> kobold
  6242 | D:9      | XOM: divination: detect creatures
  6244 | D:9      | XOM: scenery: summon butterflies
  6260 | D:9      | XOM: enchant monster (good)
  6269 | D:9      | Reached skill level 13 in Necromancy
  6270 | D:9      | XOM: enchant monster (good)
  6275 | D:9      | XOM: summons 10 friendly demons
  6405 | D:9      | Found a staircase to the Orcish Mines.
  6470 | D:9      | Found a staircase to the Lair.
  6520 | D:9      | XOM: 6-stop teleportation journey
  6524 | D:9      | XOM: repel stairs
  6574 | D:9      | XOM: give mutation
  6574 | D:9      | Lost mutation: Your mind is acute. (Int +4, Str/Dex -1)
                  | [Xom's mischief]
  6577 | D:9      | Reached skill level 14 in Necromancy
  6697 | D:9      | Noticed a two-headed ogre
  6707 | D:9      | Killed a two-headed ogre
  6741 | D:9      | XOM: cast spell 'Malign Gateway'
  6848 | D:9      | XOM: silly message
  6874 | D:9      | XOM: give mutations
  6874 | D:9      | Gained mutation: You have large cloven feet. [Xom's
                  | mischief]
  6874 | D:9      | Lost mutation: You have a pair of small horns on your head.
                  | [Xom's mischief]
  6874 | D:9      | Lost mutation: You are robust. (+10% HP) [Xom's mischief]
  6874 | D:9      | Lost mutation: Your flesh is heat resistant. (rF+) [Xom's
                  | mischief]
  6876 | D:9      | Found a sparkling altar of Nemelex Xobeh.
  6954 | D:9      | XOM: silly message
  6960 | D:9      | Slain by a gnoll

Illustrated notes

Levels and vault maps discovered:
D:1:      spicycebolla_arrival_risky_transporter, layout_basic,
          minmay_tiny_reverse_x
D:2:      layout_loops_ring, dreamdust_ecumenical_altar_hidden_monk_grotto,
          dreamdust_princess_corridor
D:3:      layout_loops_ring
D:4:      layout_loops_corners, general_overflow_altar,
          minmay_temple_entry_drinking_statues, serial_undead, serial_undead_a,
          serial_undead_b, serial_undead_b, serial_undead_b
D:6:      layout_layer_cave, kennysheep_mini_moat, ebering_ghost_sewer_d,
          moated_statue, uniq_prince_ribbit1, uniq_blork_the_orc, uniq_eustachio
D:7:      layout_basic, serial_shops, shop, enter_bailey_5, guppyfry_shop_venom,
          uniq_menkaure, uniq_crazy_yiuf_cottage
D:8:      layout_basic, ebering_ghost_funeral_grove, minmay_misc_feat_pillars,
          nicolae_custom_books, minmay_misc_feat_rugged, minmay_strange_pillars,
          st_stairs_4
D:9:      layout_irregular_city, nemelex_spade_bored_becter, david_lair_generic,
          david_orc_2

Skill      XL: |  1  2  3  4  5  6  7  8  9 10 11 |
---------------+----------------------------------+-----
Short Blades   | 2 4 6 8 10 | 10.0
Fighting       | 13 | 13.0
Necromancy     | 2 6 12 14 | 14.9
Polearms       | |  3.0
Armour         | |  2.0
Dodging        | |  1.0

Action                     |  1- 3 |  4- 6 |  7- 9 | 10-12 || total
---------------------------+-------+-------+-------+-------++-------
  Melee: Spear             |    32 |       |       |       ||    32
         Short sword       |    89 |   175 |   220 |   397 ||   881
         Headbutt          |       |    22 |    60 |    97 ||   179
         Punch             |       |       |     5 |    12 ||    17
  Throw: Dart              |       |       |       |     7 ||     7
   Cast: Fugue of the Fall |       |       |       |    16 ||    16
         Anguish           |       |       |       |     1 ||     1
  Evoke: Wand              |       |     6 |     7 |       ||    13
    Use: Scroll            |     2 |     7 |       |    10 ||    19
         Potion            |     2 |     1 |     3 |     5 ||    11
   Stab: Sleeping          |       |     4 |       |       ||     4
         Invisible         |       |     3 |     8 |       ||    11
         Distracted        |       |       |       |     2 ||     2
         Paralysed         |       |       |       |     2 ||     2
 Armour: Leather armour    |    67 |    74 |    87 |       ||   228
         Ring mail         |       |       |       |   213 ||   213
         Skin              |       |       |       |    11 ||    11
  Dodge: Dodged            |    69 |    62 |    63 |   114 ||   308
